 Dungeon Crawl Stone Soup version 0.29-a0-892-g2c4c91d9db (webtiles) character file.

Game seed: 16577821645394105207

6096 kevlar127 the Grappler (level 10, -2/104 HPs)
             Began as a Troll Berserker on July 22, 2022.
             Was an Elder of Trog.
             Succumbed to an orange demon's poison
             ... on level 2 of the Abyss.
             The game lasted 00:14:29 (7606 turns).

kevlar127 the Grappler (Troll Berserker)            Turns: 7606, Time: 00:14:29

Health: -2/104     AC:  4    Str: 31    XL:     10   Next: 58%
Magic:  9/9        EV:  9    Int:  3    God:    Trog [****..]
Gold:   615        SH:  9    Dex:  9    Spells: 9/9 levels left

rFire   + . .      SeeInvis .     - Unarmed
rCold   . . .      Faith    +   r - +0 kite shield
rNeg    . . .      Spirit   .   a - +0 animal skin
rPois   .          Reflect  .   (helmet restricted)
rElec   .          Harm     .   (no cloak)
rCorr   +          Rampage  .   (gloves unavailable)
Will    .....                   (boots unavailable)
Stlth   +.........              n - amulet of faith
HPRegen 1.07/turn               g - ring of resist corrosion
MPRegen 0.11/turn               q - ring of protection from fire

@: lethally poisoned (-2 -> -12), weakened, on berserk cooldown, slowed, very
slow
A: large, unfitting armour, claws 3, regeneration 1, shaggy fur 1, tough skin 1
a: Renounce Religion, Berserk, Trog's Hand, Brothers in Arms


You were on level 2 of the Abyss.
You worshipped Trog.
Trog was greatly pleased with you.
You visited 1 branch of the dungeon, and saw 10 of its levels.
You visited the Abyss 1 time.
You also visited: Sewer.

You collected 706 gold pieces.
You spent 91 gold pieces at shops.

Inventory:

Missiles
 b - 95 stones (quivered)
 B - 3 throwing nets
 C - 17 poisoned darts
 J - 4 boomerangs
 N - a curare-tipped dart
Armour
 a - a +0 animal skin (worn)
 r - a +0 kite shield (worn)
Jewellery
 e - a ring of see invisible
 g - a ring of resist corrosion (left claw)
 j - a +4 ring of protection
 n - an amulet of faith (around neck)
 q - a ring of protection from fire (right claw)
 A - a ring of protection from cold
 R - an amulet of reflection
Wands
 y - a wand of mindburst (7)
 E - a wand of flame (52)
 L - a wand of quicksilver (15)
 Q - a wand of polymorph (5)
Scrolls
 c - 12 scrolls of identify
 d - 3 scrolls of vulnerability {unknown}
 h - a scroll of amnesia {unknown}
 i - 2 scrolls of poison {unknown}
 k - 8 scrolls of teleportation
 l - 3 scrolls of fear {unknown}
 m - 3 scrolls of immolation {unknown}
 o - 2 scrolls of blinking {unknown}
 p - 2 scrolls of enchant weapon {unknown}
 s - a scroll of magic mapping {unknown}
 x - 3 scrolls of butterflies {unknown}
 D - 2 scrolls of noise {unknown}
 F - 2 scrolls of summoning {unknown}
 G - a scroll of silence {unknown}
 P - a scroll of acquirement {unknown}
 S - a scroll of enchant armour {unknown}
Potions
 f - 3 potions of attraction {unknown}
 t - a potion of lignification {unknown}
 u - 2 potions of ambrosia {unknown}
 v - 3 potions of berserk rage
 w - 2 potions of mutation {unknown}
 z - 3 potions of degeneration {unknown}
 H - 2 potions of brilliance {unknown}
 I - 3 potions of heal wounds {unknown}
 K - 2 potions of cancellation {unknown}
 M - 2 potions of curing
 O - a potion of flight {unknown}


   Skills:
 + Level 8.0 Fighting
 - Level 5.0 Throwing
 - Level 2.4 Dodging
 + Level 7.3 Shields
 + Level 9.6 Unarmed Combat


You had 9 spell levels left.
You didn't know any spells.
Your spell library was empty.

Dungeon Overview and Level Annotations

Branches:
Dungeon (10/15)            Temple (0/1) D:6           Sewer (visited)
   Lair: D:8-11         Orc: D:9-12

Altars:
Ashenzari
Makhleb
Vehumet

Shops:
D:5 (   D:7 ?

Annotations:
D:3 2 transporters, jimonade's ghost, amateur GnHW


Innate Abilities, Weirdness & Mutations

You are too large for most types of armour.
You have claws for hands.
Your natural rate of healing is unusually fast.
You are covered in fur. (AC +1)
You have tough skin. (AC +1)


Message History

The orange demon hits you.
You claw the orange demon!
The orange demon is lightly wounded.
You feel sick. The orange demon stings you.
You are more poisoned.
The orange demon poisons you! The orange demon hits you.
You mangle the orange demon!!
The orange demon is heavily wounded.
You feel extremely sick. The orange demon stings you!
The orange demon hits you.
You feel your attacks grow feeble. The orange demon stings you.
The orange demon hits you.
You feel as though you will be weak longer.
You barely miss the orange demon.
The orange demon is heavily wounded.
You feel very sick. The orange demon closely misses you.
The orange demon hits you.
You mangle the orange demon!!
The orange demon is almost dead.
You feel very sick. The orange demon stings you.
You are more poisoned.
The orange demon poisons you! The orange demon hits you.
You feel as though you will be weak longer.
You're still recovering from your berserk rage.
You barely miss the orange demon.
The orange demon is almost dead.
* * * LOW HITPOINT WARNING * * *
You feel extremely sick. The orange demon stings you!
* * * LOW HITPOINT WARNING * * *
You block the orange demon's attack. The orange demon misses you.
The orange demon hits you but does no damage.
You mangle the orange demon!!
You kill the orange demon!
Trog accepts your kill.
* * * LOW HITPOINT WARNING * * *
You feel extremely sick.
Your Fighting skill increases to level 8!
You die...

....∩.....#
#........#.#
.......###
##.#....##
##... # ##
#...##
#..####..#
#...#..#
#....@.#
#......#
###.#.#.#
#######


There were no monsters in sight!

Vanquished Creatures
  A two-headed ogre (D:8)
  Pikel (D:9)
  Joseph (D:8)
  An orange demon (Abyss:2)
  Grinder (D:4)
  7 yaks
  4 wyverns
  A steam dragon (D:8)
  2 water moccasins
  An ice beast (D:6)
  A sky beast (D:7)
  Pargi (Sewer)
  An ogre (D:5)
  3 centaurs
  A phantom (D:7)
  2 kobold brigands
  4 bullfrogs
  3 scorpions
  4 necrophages
  2 orc priests
  2 jellies (D:5)
  6 hounds
  A gnoll bouda (D:4)
  Ijyb (D:3)
  5 iguanas
  6 orc wizards
  4 gnolls (D:4)
  4 adders
  3 ufetubi
  3 dart slugs
  13 orcs
  10 endoplasms
  2 giant cockroaches (D:2)
  6 goblins
  5 hobgoblins
  8 quokkas
  12 ball pythons
  12 bats
  3 frilled lizards
  15 kobolds
  5 rats
168 creatures vanquished.

Notes
Turn   | Place    | Note
-------+----------+-------------------------------------------
     0 | D:1      | kevlar127 the Troll Berserker began the quest for the Orb.
     0 | D:1      | Reached XP level 1. HP: 22/22 MP: 0/0
   145 | D:1      | Reached XP level 2. HP: 29/29 MP: 1/1
   811 | D:2      | Reached XP level 3. HP: 37/37 MP: 2/2
   852 | D:2      | Found a faded altar of an unknown god.
   938 | D:2      | Reached ** piety under Trog
  1033 | D:2      | Reached skill level 4 in Unarmed Combat
  1496 | D:2      | Reached XP level 4. HP: 44/45 MP: 3/3
  1725 | D:3      | Found a transporter.
  1726 | D:3      | Noticed an ogre
  1726 | D:3      | Noticed jimonade's ghost (amateur GnHW)
  1727 | D:3      | Noticed an ogre
  1730 | D:3      | Found a transporter.
  1798 | D:3      | Found a glowing drain.
  1803 | Sewer    | Entered a sewer
  1829 | Sewer    | Noticed Pargi
  1839 | Sewer    | Killed Pargi
  1840 | Sewer    | Reached XP level 5. HP: 32/54 MP: 4/4
  1962 | D:3      | Found a broken altar of Ashenzari.
  2111 | D:3      | Noticed Ijyb
  2120 | D:3      | Killed Ijyb
  2171 | D:3      | Reached skill level 5 in Unarmed Combat
  2172 | D:3      | Reached *** piety under Trog
  2551 | D:4      | Reached XP level 6. HP: 56/62 MP: 5/5
  2556 | D:4      | Reached skill level 1 in Shields
  2767 | D:4      | Noticed Grinder
  2771 | D:4      | Paralysed by Grinder for 2 turns
  2781 | D:4      | Killed Grinder
  2782 | D:4      | Reached XP level 7. HP: 59/71 MP: 6/6
  2797 | D:4      | Identified the +5 whip of Qufal {holy, rC+ Will+ rCorr
                  | Dex-5}
  2822 | D:4      | Found a radiant altar of Vehumet.
  3181 | D:5      | Entered Level 5 of the Dungeon
  3184 | D:5      | Reached skill level 5 in Fighting
  3184 | D:5      | Reached skill level 6 in Unarmed Combat
  3355 | D:5      | Found a burning altar of Makhleb.
  3457 | D:5      | Reached **** piety under Trog
  3524 | D:5      | Found Jaygg's Antique Weapon Shoppe.
  3740 | D:6      | Reached XP level 8. HP: 68/81 MP: 7/7
  3858 | D:6      | Reached skill level 1 in Throwing
  4068 | D:6      | Reached skill level 7 in Unarmed Combat
  4173 | D:6      | Found a staircase to the Ecumenical Temple.
  4629 | D:7      | Found Tiut's Magic Scroll Shoppe.
  4672 | D:7      | Bought a scroll of identify for 26 gold pieces
  4672 | D:7      | Bought a scroll of teleportation for 39 gold pieces
  4672 | D:7      | Bought a scroll of identify for 26 gold pieces
  4831 | D:7      | Reached XP level 9. HP: 70/89 MP: 8/8
  4856 | D:7      | Reached skill level 5 in Shields
  4991 | D:7      | Reached skill level 8 in Unarmed Combat
  5772 | D:8      | Noticed a two-headed ogre
  5779 | D:8      | Killed a two-headed ogre
  6046 | D:8      | Reached XP level 10. HP: 102/102 MP: 9/9
  6369 | D:8      | Reached skill level 5 in Throwing
  6393 | D:8      | Noticed Joseph
  6408 | D:8      | Killed Joseph
  6700 | D:9      | Noticed Pikel
  6709 | D:9      | Killed Pikel
  6710 | D:9      | Reached skill level 9 in Unarmed Combat
  7134 | D:9      | Identified the +8 chain mail of Fackuob {Dex+6}
  7196 | D:10     | Entered Level 10 of the Dungeon
  7573 | D:10     | Noticed a deep elf zephyrmancer
  7574 | D:10     | Noticed a wizard
  7576 | D:10     | Noticed a wizard
  7577 | Abyss:2  | Cast into level 2 of the Abyss (a wizard)
  7588 | Abyss:2  | Noticed an orange demon
  7605 | Abyss:2  | Killed an orange demon
  7605 | Abyss:2  | HP: 2/104 [poisoned by an orange demon]
  7606 | Abyss:2  | Succumbed to an orange demon's poison

Illustrated notes

Levels and vault maps discovered:
D:1:      nagdon_arrival_double_spiral, layout_basic
D:2:      layout_loops_ring, shapermc_ecumenical_altar_starsandcircs,
          minmay_joined_circles
D:3:      layout_loops_ring, cheibrodos_ashenzari_chains, portal_sewer_entry_e,
          gammafunk_ghost_smash, uniq_ijyb
D:4:      layout_loops_cross, vehumet_altar_wand_db, uniq_grinder
D:5:      layout_rooms, makhleb_blood_cavern_becter, serial_shops, shop,
          minmay_misc_feat_encased
D:6:      layout_gridville, minmay_temple_entry_grid, grunt_ministairs_2,
          kennysheep_generic_room_3
D:7:      layout_basic, serial_shops, nicolae_diamond_shop, serial_bayou_pond_e
D:8:      layout_basic, uniq_joseph
D:9:      layout_long_grid, uniq_pikel
D:10:     layout_roguey, bh_hangedman_babel_library
Abyss:2:  base: D:4, evilmike_abyss_exit_2

Skill      XL: |  1  2  3  4  5  6  7  8  9 10 |
---------------+-------------------------------+-----
Fighting       | 3 4 5 6 7 8 |  8.0
Unarmed Combat | 4 5 6 7 8 9 |  9.6
Shields        | 2 3 4 6 7 |  7.3
Throwing       | 3 4 5 |  5.0
Dodging        | |  2.4

Action                   |  1- 3 |  4- 6 |  7- 9 | 10-12 || total
-------------------------+-------+-------+-------+-------++-------
Melee: Unarmed           |    97 |    72 |   216 |    64 ||   449
       Punch             |     2 |     3 |     4 |       ||     9
Throw: Stone             |       |       |     1 |       ||     1
Invok: Berserk           |       |       |     2 |     2 ||     4
Armor: Animal skin       |    20 |    19 |    70 |     9 ||   118
Dodge: Dodged            |    46 |    51 |    77 |    12 ||   186
Block: Kite shield       |       |       |    63 |    21 ||    84

Table legend: (Time is in decaauts)
 A = Elapsed time spent in this place.
 B = Non-inter-level travel time spent in this place.
 C = Inter-level travel time spent in this place.
 D = Time resting spent in this place.
 E = Time spent auto-exploring this place.
 F = Levels seen in this place.
 G = Mean time per level.
                   A        B        C        D        E       F      G
               +--------+--------+--------+--------+--------+-----+--------+
         Total |   7617 |   7224 |    393 |    472 |   5728 |  12 |  634.8 |
       Dungeon |   7478 |   7085 |    393 |    460 |   5674 |  10 |  747.8 |
         Abyss |     38 |     38 |      0 |     11 |      0 |   1 |   38.0 |
         Sewer |    100 |    100 |      0 |      0 |     54 |   1 |  100.0 |
               +--------+--------+--------+--------+--------+-----+--------+

Top non-repeatable levels by time:
     D:8: 1257 daAuts
     D:2: 1000 daAuts
     D:7: 921 daAuts
     D:3: 743 daAuts
     D:6: 740 daAuts
     D:1: 683 daAuts
     D:4: 642 daAuts
     D:9: 573 daAuts
     D:5: 537 daAuts
    D:10: 379 daAuts
   Sewer: 100 daAuts
 Abyss:2: 38 daAuts
